AoeStats
← AlLaN

Nomad

509382677Analyzed
4v4 RM · 7d ago on Sep 26, 2026· 38m 32s· 8 players
Game mode
Random Map
Map size
231×231
Population
200
Speed
Normal
Resources
Standard
Victory
Conquest
Starting age
Dark Age
Ending age
Imperial Age
RankedLock teamsTeams togetherTeam positionsShared explorationLock speedFull tech treeHidden civsTurbo modeCheats
Victory
Defeat
🇨🇦 Danes · Canada
989
+15
🇨🇳 Varangians · China
947
+17
🇹🇷 Vikings · Türkiye
926
+18
🇨🇳 Persians · China
894
+18
🇨🇳 Vietnamese · China
971
-26
🇨🇱 Teutons · Chile
967
-17
🇫🇷 Ethiopians · France
966
-17
🇺🇸 Persians · United States
955
-17
Too Many Monks
4:40 Loom
14:19 Feudal Age
16:15 Fishing Lines
19:46 Castle Age
18:14 Gold Mining
18:15 Double-Bit Axe
18:37 Stone Mining
21:52 Wheelbarrow
24:24 Fletching
24:45 Forging
27:30 Horse Collar
32:11 Hamask
36:06 Imperial Age
33:25 Town Watch
34:32 Man-at-Arms
34:58 Gambesons
36:33 Ballistics
37:29 Long Swordsman
38:27 Murder Holes
@RoSexFix
16:26 Feudal Age
17:08 Arson
17:21 Fishing Lines
18:21 Double-Bit Axe
22:14 Castle Age
21:07 Horse Collar
23:30 Bow Saw
24:54 Gillnets
26:39 Heavy Plow
26:27 Loom
29:34 Fletching
29:45 Padded Archer Armor
yijj
5:07 Loom
16:40 Feudal Age
16:54 Man-at-Arms
25:19 Castle Age
23:13 Stone Mining
26:13 Pikeman
28:52 Town Watch
牛阿牛阿
7:25 Loom
16:20 Feudal Age
17:17 Double-Bit Axe
19:31 Fishing Lines
22:54 Castle Age
20:54 Gold Mining
22:37 Stone Mining
24:12 Bow Saw
24:49 Horse Collar
33:17 Wheelbarrow
34:02 Bloodlines
34:59 Ballistics
34:50 Masonry
37:19 Imperial Age
37:09 Scale Barding Armor
37:26 Pikeman
39:03 Conscription
39:46 Chemistry
REALMorphzilla
7:45 Loom
15:45 Feudal Age
16:22 Double-Bit Axe
17:15 Wheelbarrow
16:56 Fishing Lines
18:13 Town Watch
21:45 Castle Age
19:50 Man-at-Arms
23:04 Forging
23:00 Scale Barding Armor
22:56 Scale Mail Armor
23:15 Stone Mining
23:38 Bow Saw
23:50 Husbandry
25:22 Stone Shaft Mining
26:22 Fletching
27:09 Iron Casting
27:26 Hand Cart
33:05 Gillnets
37:45 Chain Barding Armor
AlLaN
14:47 Feudal Age
20:46 Castle Age
19:27 Double-Bit Axe
19:40 Stone Mining
20:52 Fletching
21:03 Padded Archer Armor
21:01 Gold Mining
21:05 Horse Collar
23:36 Stone Shaft Mining
24:58 Loom
35:42 Bodkin Arrow
36:44 Crossbowman
Bopp77
7:18 Loom
15:16 Feudal Age
17:39 Fishing Lines
21:15 Castle Age
20:00 Double-Bit Axe
21:10 Stone Mining
21:38 Gold Mining
24:27 Gillnets
24:39 Gillnets
28:58 Stone Shaft Mining
27:50 Pikeman
33:09 Ballistics
33:00 Fortified Wall
35:03 Masonry
wsxc
16:03 Feudal Age
18:53 Double-Bit Axe
20:57 Horse Collar
23:43 Castle Age
Connection lost

Rejoining the realm…

Still unreachable

The connection could not be restored.

Session expired

The server has moved on; the page needs a fresh start.